AoeStats
← Orange Jiangzc

Arabia

514824276Analyzed
4v4 RM · 18d ago on Oct 19, 2026· 53m 46s· 8 players
Game mode
Random Map
Map size
Large (8 player)
Population
200
Speed
Normal
Resources
Standard
Victory
Conquest
Starting age
Dark Age
Ending age
Imperial Age
RankedLock teamsTeams togetherTeam positionsShared explorationLock speedFull tech treeHidden civsTurbo modeCheats
Victory
Defeat
🇲🇽 Goths · Mexico
787
+15
🇨🇳 Franks · China
776
+15
🇨🇳 Spanish · China
704
+18
🇨🇱 Gurjaras · Chile
675
+20
vs
🇨🇳 Shu · China
793
-18
🇨🇳 Poles · China
789
-18
🇬🇧 Danes · United Kingdom
727
-16
🇹🇷 Romans · Türkiye
721
-16
ʚ♡ɞ Mr. Yung Prime Shopper
6:29 Loom
10:49 Feudal Age
11:49 Double-Bit Axe
11:53 Horse Collar
17:10 Wheelbarrow
24:44 Castle Age
23:55 Gold Mining
24:01 Stone Mining
24:14 Scale Mail Armor
24:24 Forging
24:15 Padded Archer Armor
24:06 Fletching
24:31 Arson
25:22 Gambesons
28:00 Bow Saw
28:30 Gold Shaft Mining
27:59 Squires
32:54 Leather Archer Armor
32:35 Bodkin Arrow
32:57 Chain Mail Armor
33:17 Iron Casting
33:50 Hand Cart
34:33 Pikeman
39:18 Imperial Age
ASİL_TÜRK
2:39 Loom
13:49 Feudal Age
16:03 Wheelbarrow
15:26 Horse Collar
15:34 Double-Bit Axe
15:42 Stone Mining
15:43 Gold Mining
17:10 Man-at-Arms
20:41 Forging
20:31 Scale Mail Armor
27:52 Castle Age
29:11 Iron Casting
28:51 Chain Mail Armor
28:43 Squires
28:03 Long Swordsman
34:37 Ballistas
37:01 Heavy Plow
41:55 Imperial Age
41:23 Pikeman
42:18 Halberdier
我喜欢狐臭
12:01 Feudal Age
18:03 Fletching
18:16 Padded Archer Armor
23:55 Castle Age
23:58 Double-Bit Axe
23:58 Horse Collar
26:57 Wheelbarrow
26:24 Crossbowman
30:19 Bow Saw
30:33 Leather Archer Armor
30:14 Bodkin Arrow
30:29 Gold Mining
33:25 Thumb Ring
37:05 Imperial Age
35:45 Hand Cart
36:07 Ballistics
36:09 Caravan
37:19 Scale Mail Armor
37:40 Heavy Plow
38:09 Conscription
38:59 Ring Archer Armor
39:16 Masonry
39:28 Arbalester
40:38 Town Watch
42:09 Bolt Magazine
43:12 Chemistry
42:26 Bracer
43:15 Gold Shaft Mining
45:36 Two-Man Saw
45:49 Arson
46:04 Squires
45:25 Pikeman
46:15 Scale Barding Armor
46:26 Chain Mail Armor
46:21 Forging
Patrick Star
1:35 Loom
12:28 Feudal Age
14:41 Double-Bit Axe
14:42 Horse Collar
23:45 Castle Age
22:10 Padded Archer Armor
22:21 Padded Archer Armor
22:11 Fletching
25:22 Thumb Ring
31:52 Wheelbarrow
38:27 Imperial Age
38:49 Scale Barding Armor
38:55 Forging
39:01 Bow Saw
39:50 Bloodlines
39:40 Husbandry
42:13 Szlachta Privileges
42:56 Cavalier
44:39 Elite Obuch
45:01 Pikeman
45:42 Squires
51:00 Chemistry
Silver
0:30 Loom
13:10 Feudal Age
14:02 Gold Mining
14:05 Double-Bit Axe
14:04 Horse Collar
16:52 Wheelbarrow
21:31 Castle Age
19:47 Stone Mining
23:31 Bow Saw
24:53 Stone Shaft Mining
25:12 Scale Mail Armor
26:11 Heavy Plow
27:14 Forging
28:35 Hand Cart
29:49 Iron Casting
29:34 Chain Mail Armor
30:16 Squires
33:19 Fletching
33:31 Padded Archer Armor
37:33 Imperial Age
38:43 Conscription
40:01 Blast Furnace
41:23 Crop Rotation
41:57 Two-Man Saw
41:08 Caravan
40:46 Elite Huskarl
41:47 Perfusion
42:04 Anarchy
43:32 Perfusion
45:18 Pikeman
48:13 Halberdier
picoegato
10:17 Feudal Age
12:32 Wheelbarrow
20:40 Horse Collar
23:41 Man-at-Arms
31:39 Gold Mining
31:40 Stone Mining
31:51 Double-Bit Axe
35:20 Wheelbarrow
34:30 Town Watch
46:18 Castle Age
46:25 Padded Archer Armor
46:16 Fletching
46:36 Forging
46:27 Scale Mail Armor
46:32 Scale Barding Armor
50:17 Hand Cart
50:03 Town Patrol
49:57 Loom
50:24 Crossbowman
51:10 Thumb Ring
52:43 Heavy Plow
53:00 Hand Cart
52:46 Town Patrol
53:05 Bow Saw
53:34 Gold Shaft Mining
53:35 Stone Shaft Mining
53:41 Iron Casting
53:21 Chain Mail Armor
Orange Jiangzc
10:57 Feudal Age
14:33 Castle Age
14:02 Double-Bit Axe
18:59 Bow Saw
26:34 Gold Mining
30:01 Imperial Age
28:07 Wheelbarrow
28:14 Wheelbarrow
27:25 Town Watch
29:48 Gold Shaft Mining
28:54 Ordonnance Companies
30:39 Scale Barding Armor
30:45 Forging
31:03 Conscription
30:09 Cavalier
30:50 Husbandry
30:48 Fletching
31:46 Hand Cart
31:33 Loom
32:50 Paladin
34:17 Chivalry
34:42 Chain Barding Armor
36:08 Plate Barding Armor
36:09 Iron Casting
36:39 Stone Mining
39:15 Blast Furnace
38:11 Bodkin Arrow
39:57 Siege Engineers
39:33 Treadmill Crane
zero
5:02 Loom
16:18 Feudal Age
17:29 Double-Bit Axe
17:26 Horse Collar
22:18 Castle Age
20:14 Stone Mining
21:23 Gold Mining
23:51 Caravan
24:48 Stone Shaft Mining
24:17 Heavy Plow
24:29 Bow Saw
26:44 Wheelbarrow
33:02 Imperial Age
32:37 Hand Cart
33:48 Town Watch
35:44 Conscription
35:58 Bloodlines
35:49 Husbandry
38:34 Two-Man Saw
38:11 Town Patrol
39:52 Chemistry
38:59 Padded Archer Armor
40:28 Ballistics
40:28 Leather Archer Armor
40:35 Elite Conquistador
42:06 Capped Ram
43:20 Masonry
46:54 Ring Archer Armor
47:01 Architecture
46:47 Scale Barding Armor
46:08 Cavalier
46:17 Light Cavalry
47:38 Paladin
47:51 Hussar
Connection lost

Rejoining the realm…

Still unreachable

The connection could not be restored.

Session expired

The server has moved on; the page needs a fresh start.